 Dungeon Crawl Stone Soup version 0.20-a0-1000-g0e8f6bb (webtiles) character file.

84 MTVSty1e the Insei (level 4, -10/37 HPs)
             Began as a Bultungin Transmuter on Apr 12, 2017.
             Killed by nerve-wracking pain
             ... invoked by Grinder
              (12 damage)
             ... on level 3 of the Dungeon.
             The game lasted 00:09:57 (2846 turns).

MTVSty1e the Insei (Bultungin Transmuter)           Turns: 2846, Time: 00:09:57

Health: -10/37     AC:  2    Str:  9    XL:     4   Next: 46%
Magic:  6/9        EV: 22    Int: 18    God:
Gold:   0          SH:  0    Dex: 20    Spells: 6/10 levels left

rFire    . . .     SeeInvis +     - Unarmed
rCold    . . .     Gourm    .   (shield currently unavailable)
rNeg     . . .     Faith    .   (armour currently unavailable)
rPois    x         Spirit   .   (helmet currently unavailable)
rElec    .         Reflect  .   (cloak currently unavailable)
rCorr    .         Harm     +   (gloves currently unavailable)
MR       .....                  (boots currently unavailable)
Stlth    +++.......             h - amulet of harm
Regen    0.2/turn               k - ring of stealth
MPRegen  0.2/turn               (no ring)

@: brilliant, spider-form, very slightly contaminated, invisible
A: short attention span, see invisible, strong nose
a: End Transformation


You were on level 3 of the Dungeon.
You were hungry.
You were a venomous arachnid creature.
You visited 1 branch of the dungeon, and saw 3 of its levels.

Inventory:

Hand Weapons
 f - a +0 dagger (melded)
Missiles
 a - 61 arrows
Armour
 b - a +0 robe (melded)
 m - a cursed +0 pair of boots (melded)
Jewellery
 h - an amulet of harm (around neck)
 k - a ring of stealth (left front leg)
 l - a cursed amulet of inaccuracy {unknown}
Scrolls
 e - a scroll of identify
Books
 c - a book of Changes

   Spells                             Type                      Level
   a - Beastly Appendage              Transmutation                1
   b - Sticks to Snakes               Transmutation                2
   c - Spider Form                    Transmutation/Poison         3
   d - Ice Form                       Ice/Transmutation            4
   e - Blade Hands                    Transmutation                5
Comestibles
 d - a bread ration


   Skills:
 * Level 3.7 Fighting
 + Level 2.2 Short Blades
 + Level 3.9 Dodging
 + Level 2.0 Stealth
 - Level 4.4 Unarmed Combat
 + Level 3.5 Spellcasting
 + Level 3.3 Transmutations


You had 6 spell levels left.
You knew the following spells:

 Your Spells              Type           Power        Failure   Level  Hunger
a - Beastly Appendage     Tmut           ####..       1%          1    None
b - Spider Form           Tmut/Pois      ###.......   6%          3    ###....


Dungeon Overview and Level Annotations

Branches:
Dungeon (3/15)

Altars:

Annotations:
D:3 Grinder


Innate Abilities, Weirdness & Mutations

You have a short attention span.
((You have very sharp teeth.))
You have supernaturally acute eyesight. (SInv)
Your uncanny sense of smell can sniff out nearby items.


Message History

Grinder gestures at you.
You barely resist.
You see here a scroll labeled KOUTIAMPUA.
You see here a rat corpse.
Grinder blinks!
The bat barely misses you. The bat closely misses you.
Casting: Beastly Appendage
Confirm with . or Enter, or press ? or * to list all spells.
You turn into a venomous arachnid creature.
Your +0 dagger melds into your body.
Your cursed +0 pair of boots melds into your body.
Your +0 robe melds into your body.
You are feeling hungry.
The bat completely misses you. The bat closely misses you. x2
You see here a rat corpse.
The bat closely misses you. Grinder gestures at you.
Pain shoots through your body!
You die...

#.#.# # #.#.## .#
####....###. ∆ #..
#..<... #.# ...#.# .
.. ##.# #b##.# ( ...
#####..# #.##5#.#..l
#....#.##.#.##†#.#.#
#.#.###...#5##s#...#
###.##.#.####.......#
.....##........b....#
###..##.########.#..#
#..##.##### #.#..#
#####
#..##.....####.#..#
#....
#..##.###......#..#
#†. ##.##.#
#..#####..# #(#
#.##.# #..# #..# #[#


You could see Grinder and a bat.

Vanquished Creatures
  2 adders
  A worm (D:2)
  A dart slug (D:3)
  3 leopard geckos
  An orc (D:3)
  9 goblins
  8 hobgoblins
  3 jackals (D:2)
  A quokka (D:2)
  6 bats
  6 frilled lizards
  7 kobolds
  7 rats
55 creatures vanquished.

Notes
Turn   | Place    | Note
-------+----------+-------------------------------------------
     0 | D:1      | MTVSty1e the Bultungin Transmuter began the quest for the Orb.
     0 | D:1      | Reached XP level 1. HP: 15/15 MP: 4/4
   305 | D:1      | Reached XP level 2. HP: 7/22 MP: 4/6
   616 | D:1      | Reached skill level 1 in Short Blades
  1404 | D:1      | Reached skill level 1 in Stealth
  1455 | D:1      | Reached XP level 3. HP: 28/28 MP: 8/8
  1578 | D:2      | Learned a level 3 spell: Spider Form
  1992 | D:2      | Reached XP level 4. HP: 33/35 MP: 9/9
  2820 | D:3      | Noticed Grinder
  2825 | D:3      | Paralysed by Grinder for 7 turns
  2832 | D:3      | HP: 1/37 [Grinder (4)]
  2846 | D:3      | Killed from afar by Grinder

Vault maps used:
D:1:      co_arrival_random_square_maze
D:3:      nicolae_overflow_hidden_temple, uniq_grinder, uniq_terence

Skill      XL: |  1  2  3  4 |
---------------+-------------+-----
Fighting       | 2 3 |  3.7
Short Blades   | 1 2 |  2.2
Stealth        | 1 2 |  2.0
Dodging        | |  3.9
Unarmed Combat | |  4.4
Spellcasting   | |  3.5
Transmutations | |  3.3

Action                   |  1- 3 |  4- 6 || total
-------------------------+-------+-------++-------
Melee: Dagger            |   181 |    89 ||   270
       Unarmed           |     3 |       ||     3
       Bite              |    13 |     8 ||    21
       Punch             |     5 |     1 ||     6
       Headbutt          |     5 |       ||     5
       Kick              |     3 |       ||     3
 Cast: Beastly Appendage |     6 |       ||     6
       Spider Form       |       |     1 ||     1
  Use: Scroll            |     3 |       ||     3
       Potion            |       |     2 ||     2
 Stab: Sleeping          |     3 |     3 ||     6
  Eat: Chunk             |     3 |     3 ||     6
Armor: Robe              |    34 |    21 ||    55
Dodge: Dodged            |   147 |    72 ||   219
